 Dungeon Crawl Stone Soup version 0.29.1-14-g9c671dbff4 (webtiles) character file.

Game seed: 12190071185603367829

307 Thatpatchoflichen the Trooper (level 6, -4/50 HPs)
             Began as a Human Monk on Feb 12, 2023.
             Splashed by a jelly's acid (9 damage)
             ... on level 5 of the Dungeon.
             The game lasted 00:08:17 (4645 turns).

Thatpatchoflichen the Trooper (Human Monk)          Turns: 4645, Time: 00:08:19

Health: -4/50      AC: -1    Str: 12    XL:     6   Next: 68%
Magic:  6/6        EV: 12    Int: 10    God:
Gold:   144        SH:  0    Dex: 17    Spells: 5/5 levels left

rFire   . . .      SeeInvis .   s - +0 long sword
rCold   . . .      Faith    .   (no shield)
rNeg    . . .      Spirit   .   i - +0 ring mail
rPois   .          Reflect  .   (no helmet)
rElec   .          Harm     .   (no cloak)
rCorr   .          Rampage  .   C - +0 pair of gloves
Will    .....                   (no boots)
Stlth   +.........              (no amulet)
HPRegen 0.16/turn               (no ring)
MPRegen 0.10/turn               (no ring)

@: corroded
A: no striking features
a: no special abilities


You were on level 5 of the Dungeon.
You visited 1 branch of the dungeon, and saw 5 of its levels.

You collected 144 gold pieces.

Inventory:

Hand Weapons
 s - a +0 long sword (weapon)
Missiles
 t - 3 poisoned darts (quivered)
Armour
 b - a +0 robe
 h - a +0 leather armour of fire resistance
 i - a +0 ring mail (worn)
 C - a +0 pair of gloves (worn)
Jewellery
 j - a ring of magical power
Scrolls
 d - a scroll of fear {unknown}
 e - 3 scrolls of identify {unknown}
 f - 2 scrolls of teleportation {unknown}
 k - a scroll of blinking {unknown}
 o - a scroll of vulnerability {unknown}
 q - 2 scrolls of fog {unknown}
 v - a scroll of silence {unknown}
 y - a scroll of brand weapon {unknown}
 B - a scroll of noise {unknown}
 D - a scroll of magic mapping {unknown}
Potions
 a - a potion of brilliance {unknown}
 c - a potion of ambrosia
 g - 2 potions of invisibility {unknown}
 l - a potion of haste {unknown}
 m - 2 potions of magic
 n - a potion of resistance {unknown}
 p - a potion of heal wounds
 r - a potion of flight {unknown}
 u - a potion of curing {unknown}
 w - a potion of might {unknown}
 x - a potion of degeneration {unknown}
 z - a potion of mutation {unknown}
 A - a potion of cancellation {unknown}
 E - a potion of berserk rage {unknown}
 F - a potion of lignification {unknown}


   Skills:
 + Level 4.9 Fighting
 - Level 4.0 Long Blades
 * Level 2.8 Armour
 - Level 4.0 Dodging
 - Level 2.0 Stealth


You had 5 spell levels left.
You didn't know any spells.
Your spell library was empty.

Dungeon Overview and Level Annotations

Branches:
Dungeon (5/15)
 Temple: D:4-7

Altars:
Dithmenos
Kikubaaqudgha

Annotations:
D:4 Dowan, Duvessa


Message History

The orc is heavily wounded.
The orc barely misses you.
You slash the orc!
You kill the orc!
You see here a +1 flail of protection.
You see here a +1 flail of protection.
Found a stone staircase leading down.
A jelly comes into view.
A quokka comes into view.
Found a murky puce potion.
The jelly quivers.
You hit the jelly.
Your hands burn!
The jelly is lightly wounded.
The jelly hits you but does no damage.
You completely miss the jelly.
The jelly is lightly wounded.
The jelly hits you.
You are splashed with acid!
You slash the jelly! The acid corrodes you!
Your hands burn!
The jelly is heavily wounded.
The jelly barely misses you.
You hit the jelly but do no damage.
Your hands burn!
The jelly is heavily wounded.
The jelly hits you but does no damage.
You hit the jelly. The acid corrodes you!
Your hands burn!
The jelly is heavily wounded.
The jelly hits you.
You are splashed with acid!
* * * LOW HITPOINT WARNING * * *
The jelly hits you.
* * * LOW HITPOINT WARNING * * *
You are splashed with acid!
* * * LOW HITPOINT WARNING * * *
You feel much better. The jelly hits you.
You are splashed with acid!
* * * LOW HITPOINT WARNING * * *
You slash the jelly!
Your hands burn!
* * * LOW HITPOINT WARNING * * *
The jelly is almost dead.
The jelly hits you.
* * * LOW HITPOINT WARNING * * *
You are splashed with acid!
You die...

.......#............#####
.............##..........
.............##...).##.#
.............##........#
.......####.......#.####
........######......#
.........# #.#...<..+
........## #.#......# ##
........# #.###@####....
####....# #.###J........
#....## #......###....
#.....# #####..# ...
#.....# #..###....
###.).########........
#......##.!..>........
#......##....J........
#......##.........##.#


You could see a jelly.

Vanquished Creatures
  A necrophage (D:5)
  A scorpion (D:5)
  An orc priest (D:3)
  2 iguanas
  3 adders
  3 worms
  2 dart slugs
  6 orcs
  4 ball pythons
  5 bats
  7 endoplasms
  3 giant cockroaches
  6 goblins
  7 hobgoblins
  3 quokkas
  A frilled lizard (D:2)
  7 kobolds
  6 rats
68 creatures vanquished.

Vanquished Creatures (others)
  A fungus (D:1)
1 creature vanquished.

Grand Total: 69 creatures vanquished

Notes
Turn   | Place    | Note
-------+----------+-------------------------------------------
     0 | D:1      | Thatpatchoflichen the Human Monk began the quest for the
                  | Orb.
     0 | D:1      | Reached XP level 1. HP: 18/18 MP: 1/1
    37 | D:1      | Found a faded altar of an unknown god.
   165 | D:1      | Reached XP level 2. HP: 16/24 MP: 2/2
   606 | D:1      | Reached XP level 3. HP: 29/29 MP: 3/3
  1196 | D:2      | Found a shadowy altar of Dithmenos.
  1601 | D:2      | Reached XP level 4. HP: 36/36 MP: 4/4
  2425 | D:2      | HP: 1/37 [orc/+0 falchion (3)]
  2909 | D:3      | Reached XP level 5. HP: 11/42 MP: 5/5
  3312 | D:3      | Found an ancient bone altar of Kikubaaqudgha.
  3759 | D:4      | Noticed Duvessa
  3760 | D:4      | Noticed Dowan
  3863 | D:5      | Entered Level 5 of the Dungeon
  3884 | D:5      | Reached skill level 1 in Armour
  3944 | D:5      | Reached XP level 6. HP: 17/49 MP: 6/6
  3951 | D:5      | HP: 2/49 [adder (1)]
  4643 | D:5      | HP: 2/50 [acid (9)]
  4645 | D:5      | Splashed by a jelly's acid

Illustrated notes

Levels and vault maps discovered:
D:1:      lemuel_arrival_river_ford, layout_basic,
          dreamdust_ecumenical_altar_grove
D:2:      layout_loops_ring, basic_altar
D:3:      layout_basic, kiku_gazebo_garden_becter
D:4:      layout_basic, uniq_duvessa
D:5:      layout_basic, okawaru_gym_becter, temple_statues

Skill      XL: |  1  2  3  4  5  6 |
---------------+-------------------+-----
Fighting       | 4 |  4.9
Long Blades    | 4 |  4.0
Dodging        | 4 |  4.0
Armour         | 1 2 |  2.8
Stealth        | |  2.0

Action                   |  1- 3 |  4- 6 || total
-------------------------+-------+-------++-------
Melee: Falchion          |    73 |       ||    73
       Long sword        |     2 |   140 ||   142
       Punch             |       |     2 ||     2
  Use: Potion            |       |     3 ||     3
 Stab: Sleeping          |     3 |     3 ||     6
Armor: Robe              |     5 |       ||     5
       Leather armour    |    13 |    33 ||    46
       Ring mail         |       |     5 ||     5
Dodge: Dodged            |    52 |   119 ||   171
